 Dungeon Crawl Stone Soup version 0.31-a0-845-g9abc20d24f (webtiles) character file.

Game seed: 14772006524966219955

1879174 Xavier147 the Axe Maniac (level 27, 169/245 HPs)
             Began as a Minotaur Berserker on Oct 2, 2023.
             Was the Champion of Trog.
             Escaped with the Orb
             ... and 3 runes!
             The game lasted 02:39:13 (56302 turns).

Xavier147 the Axe Maniac (Minotaur Berserker)      Turns: 56302, Time: 02:39:13

Health: 169/245    AC: 36    Str: 38    XL:     27
Magic:  15/19      EV: 26    Int:  5    God:    Trog [******]
Gold:   4533       SH: 30    Dex: 23    Spells: 26/26 levels left

rFire   + + +        l - +10 war axe of Niusig Coaco {speed, Will+ rCorr Dex+3}
rCold   + + +        V - +2 shield of Resistance {rF++ rC++ Will++}
rNeg    + + .        F - +3 gold dragon scales
rPois   +            k - +0 mask of the Dragon {Will+ Slay+3 SInv}
rElec   +            j - +2 cloak {Stlth+}
rCorr   +            y - +1 pair of gloves {Str+3}
SInv    +            a - +1 pair of boots of the Ten Gazing Tales {Str+4 Dex+3}
Will    +++++        i - brooch of Shielding {Spirit SH+8}
Stlth   +            o - ring "Syrgh" {rElec rN++ AC+4 Stlth+}
HPRegen 0.60/turn    S - ring of the Fool {rPois Int+3 Dex+6 Slay+3}
MPRegen 0.16/turn

%: guardian spirit
@: studying 2 skills
A: horns 2, retaliatory headbutt, deformed body, deterioration 1, dopey 2, frail
1, low MP 1, screaming 1, teleportitis 1, weak 1, no potion heal 1, inability to
drink after injury 1, inability to read after injury 1
0: Orb of Zot
}: 3/15 runes: serpentine, barnacled, silver
a: Renounce Religion, Berserk, Trog's Hand, Brothers in Arms


You escaped.
You worshipped Trog.
Trog was exalted by your worship.
You visited 9 branches of the dungeon, and saw 46 of its levels.
You visited 1 bazaar.
You also visited: Ossuary, Bailey and Volcano.

You collected 9795 gold pieces.
You spent 5262 gold pieces at shops.

Inventory:

Hand Weapons
 l - the +10 war axe of Niusig Coaco (weapon) {speed, Will+ rCorr Dex+3}
   (You acquired it on level 3 of the Dungeon)

   Dex+3:     It affects your dexterity (+3).
   Will+:     It increases your willpower.
   rCorr:     It protects you from acid and corrosion.
 E - a +1 battleaxe of flaming
 G - a +2 broad axe of venom
 K - a +4 heavy executioner's axe
 M - the +12 battleaxe of Lauklol {flame, rPois rF- Str+3 SInv}
   (Trog gifted it to you on level 3 of the Lair of Beasts)

   Str+3:     It affects your strength (+3).
   rF-:       It makes you vulnerable to fire.
   rPois:     It protects you from poison SInv: It lets you see invisible.
 P - a +6 antimagic hand axe
 Z - the +9 broad axe of Discord {flame, Fragile rN++ Str+2}
   (Trog gifted it to you on level 14 of the Dungeon)

   Str+2:     It affects your strength (+2).
   rN++:      It greatly protects you from negative energy.
   Fragile:   It will be destroyed if unequipped.
Armour
 a - the +1 pair of boots of the Ten Gazing Tales (worn) {Str+4 Dex+3}
   (You acquired it on level 3 of the Lair of Beasts)

   Str+4:     It affects your strength (+4).
   Dex+3:     It affects your dexterity (+3).
 j - a +2 cloak of stealth (worn)
 k - the +0 mask of the Dragon (worn) {Will+ Slay+3 SInv}
   (You found it on level 5 of the Vaults)

   Slay+3:    It affects your accuracy & damage with ranged weapons and melee
   (+3).
   Will+:     It increases your willpower.
   SInv:      It lets you see invisible.
 p - a +3 crystal plate armour
 y - a +1 pair of gloves of strength (worn)
 F - +3 gold dragon scales (worn)
 V - the +2 shield of Resistance (worn) {rF++ rC++ Will++}
   (You found it on level 3 of the Elven Halls)

   rF++:      It greatly protects you from fire.
   rC++:      It greatly protects you from cold.
   Will++:    It greatly increases your willpower.
Jewellery
 h - a ring of willpower
 i - the brooch of Shielding (around neck) {Spirit SH+8}
   (You found it on level 4 of the Shoals)

   [amulet of guardian spirit]

   Spirit:    It causes incoming damage to be divided between your reserves of
   health and magic.
   SH+8:      It affects your SH (+8).
 n - a ring of ice
 o - the ring "Syrgh" (left hand) {rElec rN++ AC+4 Stlth+}
   (You bought it in a shop on level 2 of the Orcish Mines)

   [ring of protection]

   AC+4:      It affects your AC (+4).
   rElec:     It insulates you from electricity.
   rN++:      It greatly protects you from negative energy.
   Stlth+:    It makes you more stealthy.
 q - a ring of flight
 v - a ring of protection from fire
 A - the amulet "Kiaggebb" {Spirit *Corrode rPois Int+3}
   (You found it on level 3 of the Vaults)

   [amulet of guardian spirit]

   Spirit:    It causes incoming damage to be divided between your reserves of
   health and magic.
   Int+3:     It affects your intelligence (+3).
   rPois:     It protects you from poison *Corrode: It may corrode you when you
   take damage.
 B - the ring "Weusumm" {rC+ SInv Stlth+}
   (You found it on level 5 of the Vaults)

   [ring of see invisible]

   rC+:       It protects you from cold.
   SInv:      It lets you see invisible.
   Stlth+:    It makes you more stealthy.
 O - a ring of willpower
 Q - a ring of poison resistance
 S - the ring of the Fool (right hand) {rPois Int+3 Dex+6 Slay+3}
   (You acquired it on level 7 of the Dungeon)

   [ring of dexterity]

   Int+3:     It affects your intelligence (+3).
   Dex+6:     It affects your dexterity (+6).
   Slay+3:    It affects your accuracy & damage with ranged weapons and melee
   (+3).
   rPois:     It protects you from poison
 T - a ring of see invisible
 U - the ring "Fuipeog" {Drain rElec Str+6 Int+6 Dex+3}
   (You found it on level 4 of the Shoals)

   [ring of intelligence]

   Str+6:     It affects your strength (+6).
   Int+6:     It affects your intelligence (+6).
   Dex+3:     It affects your dexterity (+3).
   rElec:     It insulates you from electricity.
   Drain:     It drains your maximum health when unequipped.
 X - the ring of Paranoia {rN+ Will+ Dex+3}
   (You took it off a frost giant on level 5 of the Vaults)

   [ring of positive energy]

   Dex+3:     It affects your dexterity (+3).
   rN+:       It protects you from negative energy.
   Will+:     It increases your willpower.
Wands
 e - a wand of flame (78)
 s - a wand of polymorph (23)
 x - a wand of quicksilver (48)
 C - a wand of digging (8)
Scrolls
 d - 5 scrolls of brand weapon
 m - 2 scrolls of immolation
 t - 3 scrolls of blinking
 u - 16 scrolls of teleportation
 z - a scroll of revelation
 J - 3 scrolls of summoning
 R - 5 scrolls of fog
 W - 6 scrolls of enchant weapon
Potions
 b - 7 potions of enlightenment
 c - 6 potions of ambrosia
 f - 28 potions of curing {@q1}
 g - 8 potions of heal wounds
 r - 9 potions of attraction
 w - 7 potions of berserk rage
 D - 6 potions of might
 H - a potion of resistance
 I - a potion of invisibility
 L - 6 potions of magic
 N - 2 potions of mutation {!q}
 Y - 2 potions of haste


   Skills:
 O Level 27 Fighting
 O Level 27 Axes
 - Level 23.6 Armour
 + Level 26.4 Dodging
 - Level 14.1 Stealth
 O Level 27 Shields


You had 26 spell levels left.
You didn't know any spells.
Your spell library was empty.

Dungeon Overview and Level Annotations

Branches:
Dungeon (15/15)            Temple (0/1) D:5            Lair (4/5) D:9
 Shoals (4/4) Lair:2        Snake (4/4) Lair:2        Slime (0/5) Lair:4
    Orc (2/2) D:9             Elf (3/3) Orc:2        Vaults (5/5) D:13
  Crypt (0/3) Vaults:2     Depths (4/4) D:15            Zot (5/5) Depths:4
Ossuary (visited)          Bailey (visited)         Volcano (visited)

Altars:
Ashenzari
Cheibriados
Dithmenos
Elyvilon
Fedhas
Hepliaklqana
Kikubaaqudgha
Okawaru
Qazlal
Ru
Sif Muna
Uskayaw
Vehumet
Wu Jian
Xom
Yredelemnul
Zin
The Shining One
Jiyva
Lugonu

Shops:
D:7 (   D:8 (   D:12 *   Orc:1 :   Orc:2 [**   Elf:2 (   Snake:1 (   Snake:2 ?:
Snake:3 ::   Zot:2 *

Portals:
Hell: Depths:1 Depths:2 Depths:4
Abyss: Depths:3
Pandemonium: Orc:2
Ziggurat: Depths:2
Trove: D:11 (give +4 storm dragon scales)

Annotations:
Shoals:1 2 transporters, 1 runed translucent door, exclusion: orange crystal statue
Snake:3 2 transporters
Elf:1 Roxanne
Depths:3 1 runed translucent door


Innate Abilities, Weirdness & Mutations

You have a pair of horns on your head.
You reflexively headbutt those who attack you in melee.
Armour fits poorly on your strangely shaped body.
Your body sometimes deteriorates upon taking damage.
You are very dopey. (Int -4)
You are frail. (-10% HP)
Your magical capacity is low. (-10% MP)
You occasionally shout uncontrollably at your foes.
You are occasionally teleported next to monsters.
You are weak. (Str -2)
Potions are less effective at restoring your health.
You occasionally lose the ability to drink potions when taking damage.
You occasionally lose the ability to read scrolls when taking damage.


Message History

You see here 4 stones.
The sun demon attacks as it pursues you!
The sun demon misses you. You furiously retaliate!
You headbutt the sun demon!
The sun demon attacks as it pursues you!
You block the sun demon's attack. x2
You block the sun demon's attack.
The sun demon attacks as it pursues you!
You block the sun demon's attack.
The sun demon attacks as it pursues you!
You block the sun demon's attack. The balrug gestures at you.
The bolt of fire hits the sun demon.
The sun demon completely resists.
The bolt of fire hits the sun demon.
The sun demon completely resists.
The bolt of fire hits you! You resist.
The sun demon attacks as it pursues you!
You block the sun demon's attack.
The sun demon attacks as it pursues you!
You block the sun demon's attack. The balrug gestures at you.
The bolt of fire hits the sun demon.
The sun demon completely resists.
The bolt of fire hits the sun demon.
The sun demon completely resists.
The bolt of fire hits you! You resist. You block the sun demon's attack.
The balrug gestures at you. Something smites you!
The sun demon attacks as it pursues you!
You block the sun demon's attack.
The sun demon attacks as it pursues you!
You block the sun demon's attack. The balrug gestures at you.
Something smites you! You block the sun demon's attack.
The balrug gestures at you.
The bolt of fire hits the sun demon.
The sun demon completely resists.
The bolt of fire hits the sun demon.
The sun demon completely resists.
The bolt of fire hits you. You resist.
Blink to where?
Press: ? - help, Dir - move target
As you read the scroll of blinking, it crumbles to dust.
A Vabaeni and an ancient lich come into view.
The ancient lich shouts!
You have escaped!

##########...##.# #.##### # #...#
######.###########.##...
###...#########.##........#.##...
................##....§...#.##...
###...#..#####..##............###
#........###...&...#.###....23###
..≈≈≈≈...##.L.≈≈≈≈...# #.........
.≈≈≈≈≈≈......≈.≈≈≈≈..# #......###
.≈≈≈≈≈≈......≈≈>@≈§..# ##########
.≈≈≈≈≈≈......≈≈≈≈§≈..# #.
..≈≈≈≈..####..§≈≈≈..(# #.
.......## ##......### #. ...###.#
#.####### #. .### #.## ##.#
#...## #. .## #..####..# #.#..##
#2 ..# ##......####.##..# #3 #.#
##########..###.# #.


You could see Vabaeni and an ancient lich.

Vanquished Creatures
  2 dread liches
  4 ancient liches
  13 orbs of fire
  Mara (Elf:3)
  A juggernaut (Depths:4)
  5 curse toes
  5 Killer Klowns
  A caustic shrike (Depths:2)
  8 golden dragons
  Norris (Depths:1)
  A bone dragon (Depths:4)
  A Tzitzimitl (Zot:5)
  3 electric golems
  Jorgrun (D:12)
  4 hellephants (Zot:4)
  A Brimstone Fiend (D:4)
  11 tentacled monstrosities
  3 walking earthen tomes
  An Ice Fiend (Zot:3)
  A walking crystal tome (Depths:2)
  26 Orb Guardians
  A Hell Sentinel (Zot:1)
  2 quicksilver dragons
  A walking divine tome (Depths:4)
  A lich (Depths:3)
  2 titans (Vaults:5)
  Asterion (Vaults:1)
  4 sphinxes
  A deep elf master archer (Elf:3)
  4 acid blobs (Depths:2)
  8 death cobs
  2 Executioners
  11 shadow dragons
  4 tengu reavers
  The ghost of Gemnupib the Pyromancer, an adept DEFE of Vehumet (Elf:2)
  9 storm dragons
  Donald (Vaults:1)
  8 draconian monks
  6 nagarajas (Snake:4)
  A revenant (Depths:3)
  A rockslime (Depths:2)
  5 azure jellies (Depths:2)
  3 draconian knights
  11 frost giants
  20 vault wardens
  4 deep elf elementalists (Elf:3)
  9 draconian scorchers
  9 deep elf sorcerers
  14 fire giants
  An angel (Zot:4)
  2 balrugs
  Louise (Elf:1)
  7 draconian stormcallers
  A caustic shrike zombie (Depths:3)
  An orc warlord (Vaults:2)
  6 draconian shifters
  4 war gargoyles
  6 draconian annihilators
  2 cacodemons
  A quicksilver ooze (shapeshifter) (Depths:2)
  22 very ugly things
  2 quicksilver oozes (Depths:2)
  22 ironbound preservers
  17 stone giants
  A juggernaut skeleton (Depths:3)
  2 spriggan defenders
  A formless jellyfish (Vaults:2)
  2 vampire knights
  A broodmother (shapeshifter) (Zot:4)
  11 deep elf annihilators
  7 ironbound thunderhulks
  A formless jellyfish (shapeshifter) (Zot:4)
  11 green draconians
  2 deep elf demonologists
  A lorocyproca (Zot:3)
  A bunyip (shapeshifter) (Vaults:5)
  2 spark wasps (Depths:2)
  13 black draconians
  11 purple draconians
  12 white draconians
  11 yellow draconians
  8 dire elephants
  14 red draconians
  Snorg (D:10)
  2 blizzard demons
  A green death (D:14)
  2 crystal guardians (Vaults:1)
  A merfolk javelineer (Shoals:4)
  11 fire dragons
  5 merfolk impalers
  10 ettins
  5 deep elf death magi
  20 yaktaur captains
  4 jiangshi (Depths:3)
  A spriggan zombie (Depths:3)
  2 entropy weavers
  6 deep elf high priests
  8 great orbs of eyes
  38 vault guards
  2 ogre magi
  A salamander tyrant (Snake:3)
  12 ice dragons
  2 peacekeepers
  3 rakshasas
  A catoblepas (D:15)
  7 anacondas
  13 centaur warriors
  A hydra (D:15)
  A merfolk avatar (Shoals:2)
  3 demonspawn (Orc:2)
  7 spriggan air magi
  8 two-headed ogres
  9 ironbound frosthearts
  2 merfolk aquamancers (Shoals:4)
  2 boulder beetles
  5 deep troll shamans
  8 spriggan berserkers
  4 hell hogs (Depths:4)
  A death knight (D:8)
  9 tengu warriors
  10 death yaks
  A vampire mage (Depths:1)
  11 naga warriors
  31 dancing weapons
  10 deep troll earth magi
  Urug (D:10)
  4 orc high priests
  4 soul eaters
  17 naga sharpshooters
  Sonja (D:12)
  4 sun demons
  12 shock serpents
  6 iron trolls
  7 skysharks
  A golden dragon zombie (Depths:3)
  7 hell knights
  A shadow wraith (Depths:4)
  4 skeletal warriors
  4 salamander mystics
  16 deep elf knights
  A storm dragon skeleton (Depths:3)
  Amaemon (D:10)
  5 sixfirhies
  3 titan skeletons (Depths:3)
  2 quicksilver dragon simulacra (Depths:4)
  A spark wasp zombie (Depths:3)
  7 flayed ghosts
  61 deep trolls
  6 glowing orange brains
  A steelbarb worm (shapeshifter) (Zot:4)
  12 sea snakes
  A shadow demon (Zot:5)
  A swamp dragon (shapeshifter) (Vaults:4)
  5 phantasmal warriors
  4 naga ritualists
  A tengu zombie (Vaults:2)
  14 deep elf archers
  22 ironbound convokers
  19 harpies
  A golden dragon skeleton (Depths:3)
  An iron dragon zombie (Depths:3)
  4 necromancers
  23 ugly things
  20 deep elf zephyrmancers
  7 orc knights
  7 wizards
  5 mana vipers
  16 lindwurms
  6 fauns (Shoals:1)
  23 deep elf pyromancers
  A shadow dragon skeleton (Depths:3)
  A stone giant zombie (Vaults:2)
  10 orc sorcerers
  A wolf spider (shapeshifter) (Vaults:5)
  18 salamanders
  12 manticores
  6 cyclopes
  A wolf spider (D:15)
  2 frost giant zombies
  2 rust devils
  18 moths of wrath
  8 merfolk sirens
  13 elephants
  22 vault sentinels
  25 black mambas
  An ice statue (Depths:4)
  10 guardian serpents
  3 smoke demons
  13 naga magi
  A molten gargoyle (Depths:1)
  5 apocalypse crabs
  6 water nymphs
  5 orange demons
  8 cane toads
  49 yaktaurs
  3 unseen horrors
  A kobold demonologist (D:12)
  An efreet (D:14)
  4 freezing wraiths
  3 rime drakes
  16 komodo dragons
  A komodo dragon (shapeshifter) (Vaults:5)
  A guardian mummy (D:11)
  A tormentor (Zot:4)
  2 ice devils (Depths:4)
  3 tengu conjurers
  A red devil (Zot:4)
  A queen bee (shapeshifter) (D:15)
  6 trolls
  5 wind drakes
  3 polar bears
  13 hornets
  A hellwing (Depths:3)
  3 snapping turtles
  3 dream sheep (Shoals:1)
  14 merfolk
  8 blink frogs
  4 flying skulls (Depths:3)
  A centaur simulacrum (D:14)
  20 slime creatures
  Sigmund (D:5)
  A culicivora (Vaults:5)
  5 wraiths
  12 spriggans
  An air elemental (Elf:3)
  A ynoxinul (Zot:3)
  2 wyverns
  Eustachio (D:5)
  A human (shapeshifter) (D:15)
  32 yaks
  7 water elementals
  5 basilisks
  3 redbacks
  A large abomination (Zot:4)
  2 steam dragons
  A fire bat (shapeshifter) (Vaults:5)
  A redback (shapeshifter) (D:15)
  Edmund (D:5)
  13 vampire mosquitoes
  37 nagas
  3 acid dragons
  9 water moccasins
  An ogre skeleton (Vaults:2)
  A floating eye (shapeshifter) (Vaults:5)
  2 glowing shapeshifter skeletons (Depths:3)
  An ice beast (D:6)
  38 orc warriors
  3 black bears (D:5)
  A human skeleton (Depths:3)
  4 ogres
  3 ettin simulacra (Depths:4)
  7 boggarts
  10 centaurs
  3 phantoms (D:6)
  2 kobold brigands (D:8)
  2 elf zombies (Ossuary)
  3 gnoll sergeants
  14 bullfrogs
  A glowing shapeshifter simulacrum (Vaults:2)
  2 earth elementals
  A scorpion (D:5)
  11 wights
  15 killer bees
  An electric eel (Lair:2)
  8 howler monkeys
  5 centaur zombies (Ossuary)
  6 hounds
  5 human zombies (Ossuary)
  2 jellies
  15 orc priests (Orc:2)
  Jessica (D:3)
  A sleepcap (D:4)
  Ijyb (D:3)
  4 iguanas
  14 orc wizards
  3 mummies (Ossuary)
  15 gnolls
  6 river rats (D:5)
  9 adders
  2 shadow imps
  A white imp (D:6)
  3 worms
  5 dart slugs
  67 orcs
  4 endoplasms
  A giant cockroach (D:1)
  14 goblins
  16 hobgoblins
  4 jackals (D:2)
  11 quokkas
  A ball python (D:1)
  6 bats
  3 frilled lizards
  19 kobolds
  25 rats
  4 spectral weapons
2002 creatures vanquished.

Vanquished Creatures (collateral kills)
  A draconian scorcher (Zot:2)
  An orc warlord (Bailey)
  2 merfolk javelineers (Shoals:4)
  A merfolk impaler (Shoals:4)
  A snapping turtle (Shoals:4)
  A chaos spawn (Orc:2)
  5 orc warriors
  An orc priest (Orc:2)
  2 orcs (Orc:2)
15 creatures vanquished.

Vanquished Creatures (others)
  A death cob (Zot:4)
  A vault warden (Vaults:5)
  A draconian shifter (Zot:2)
  An ogre mage (Vaults:5)
  A naga sharpshooter (Snake:4)
  A deep elf knight (Elf:2)
  A naga (Snake:4)
7 creatures vanquished.

Grand Total: 2024 creatures vanquished

Notes
Turn   | Place    | Note
-------+----------+-------------------------------------------
     0 | D:1      | Xavier147 the Minotaur Berserker began the quest for the
                  | Orb.
     0 | D:1      | Reached XP level 1. HP: 19/19 MP: 0/0
   226 | D:1      | Reached XP level 2. HP: 23/26 MP: 1/1
   742 | D:2      | Reached ** piety under Trog
   786 | D:2      | Found a faded altar of an unknown god.
   817 | D:2      | Reached skill level 5 in Axes
   817 | D:2      | Reached XP level 3. HP: 16/31 MP: 2/2
  1718 | D:3      | Reached XP level 4. HP: 39/39 MP: 3/3
  1845 | D:3      | Found a stormy altar of Qazlal.
  1846 | D:3      | Noticed a fire elemental
  1848 | D:3      | Noticed a water elemental
  1849 | D:3      | Noticed an earth elemental
  1849 | D:3      | Noticed an air elemental
  1940 | D:3      | Noticed Ijyb
  1945 | D:3      | Killed Ijyb
  2009 | D:3      | Noticed Jessica
  2019 | D:3      | Killed Jessica
  2020 | D:3      | Reached XP level 5. HP: 40/45 MP: 4/4
  2244 | D:3      | Found an ancient bone altar of Kikubaaqudgha.
  2473 | D:3      | Identified a scroll of acquirement
  2473 | D:3      | Acquired the +10 war axe of Niusig Coaco {speed, Will+
                  | rCorr Dex+3}
  2963 | D:4      | Reached *** piety under Trog
  2997 | D:4      | Found a blossoming altar of Fedhas.
  3538 | D:5      | Entered Level 5 of the Dungeon
  3577 | D:5      | Reached XP level 6. HP: 51/51 MP: 5/5
  3711 | D:5      | Noticed Eustachio
  3712 | D:5      | Found a staircase to the Ecumenical Temple.
  3719 | D:5      | Killed Eustachio
  3723 | D:5      | Reached XP level 7. HP: 43/57 MP: 6/6
  3727 | D:5      | Reached skill level 10 in Axes
  3904 | D:5      | Noticed Sigmund
  3911 | D:5      | Killed Sigmund
  3967 | D:5      | Reached XP level 8. HP: 64/64 MP: 7/7
  4068 | D:5      | Found a basalt altar of Yredelemnul.
  4068 | D:5      | Noticed Edmund
  4076 | D:5      | Killed Edmund
  4376 | D:5      | Reached **** piety under Trog
  4708 | D:6      | Reached XP level 9. HP: 70/70 MP: 8/8
  5038 | D:6      | Reached skill level 15 in Axes
  5389 | D:7      | Found Yqoxil's Antique Weapon Shop.
  5456 | D:7      | Found a flagged portal.
  5470 | Bailey   | Entered a bailey
  5630 | Bailey   | Reached skill level 5 in Fighting
  5704 | Bailey   | Noticed an orc warlord
  5730 | Bailey   | Killed an orc warlord
  5731 | Bailey   | Reached XP level 10. HP: 67/84 MP: 9/9
  5777 | Bailey   | Identified the +3 dagger "Reall" {flame, Str+2 Dex+3
                  | Stlth+}
  5937 | D:7      | Identified the +9 spear of a volcano {pain, *Noise Will++
                  | MP+9}
  6016 | D:7      | Reached ***** piety under Trog
  6053 | D:7      | Found a sand-covered staircase.
  6063 | Ossuary  | Entered an ossuary
  6667 | D:7      | Acquired 1002 gold pieces
  6668 | D:7      | Acquired the ring of the Fool {rPois Int+3 Dex+6 Slay+3}
  6692 | D:8      | Found Unoshril's Antique Weapon Shop.
  7217 | D:8      | Noticed a green ugly thing
  7222 | D:8      | Killed a green ugly thing
  7223 | D:8      | Reached XP level 11. HP: 91/99 MP: 10/10
  7234 | D:8      | Noticed a skeletal warrior
  7241 | D:8      | Killed a skeletal warrior
  7242 | D:8      | Reached skill level 10 in Fighting
  7284 | D:8      | Reached skill level 10 in Armour
  7284 | D:8      | Noticed a death knight
  7284 | D:8      | Noticed a two-headed ogre
  7290 | D:8      | Killed a death knight
  7313 | D:8      | Noticed a centaur warrior
  7318 | D:8      | Killed a centaur warrior
  7344 | D:8      | Noticed a deep elf pyromancer
  7348 | D:8      | Killed a deep elf pyromancer
  7443 | D:8      | Killed a two-headed ogre
  7547 | D:9      | Found a shadowy altar of Dithmenos.
  7648 | D:9      | Found a radiant altar of Vehumet.
  7648 | D:9      | Found a white marble altar of Elyvilon.
  7649 | D:9      | Found an ornate altar of the Wu Jian Council.
  7651 | D:9      | Found a snail-covered altar of Cheibriados.
  7652 | D:9      | Found a shimmering blue altar of Sif Muna.
  7658 | D:9      | You fall into a shaft and drop 3 floors!
  7827 | D:12     | Found Ukae's General Store.
  7836 | D:12     | Noticed Jorgrun
  7877 | D:11     | Noticed a purple ugly thing
  7890 | D:11     | Killed a purple ugly thing
  7930 | D:11     | Noticed a two-headed ogre
  7937 | D:11     | Killed a two-headed ogre
  8006 | D:11     | Reached skill level 1 in Shields
  8185 | D:11     | Found a blossoming altar of Fedhas.
  8267 | D:11     | Found a portal to a secret trove of treasure.
  8391 | D:10     | Entered Level 10 of the Dungeon
  8500 | D:10     | Noticed Urug
  8512 | D:10     | Killed Urug
  8521 | D:10     | Found a hide-covered altar of Uskayaw.
  8624 | D:10     | Reached XP level 12. HP: 108/112 MP: 11/11
  8633 | D:10     | Noticed Amaemon
  8647 | D:10     | Killed Amaemon
  8655 | D:10     | Reached skill level 5 in Shields
  8795 | D:10     | Noticed Snorg
  8805 | D:10     | Killed Snorg
  9254 | D:9      | Found a staircase to the Orcish Mines.
  9340 | D:9      | Received a gift from Trog
  9373 | D:9      | Found a staircase to the Lair.
  9495 | D:9      | Noticed a two-headed ogre
  9506 | D:9      | Killed a two-headed ogre
  9586 | D:9      | Found a broken altar of Ashenzari.
  9721 | D:9      | Found a shimmering altar of Xom.
  9868 | Lair:1   | Entered Level 1 of the Lair of Beasts
 10167 | Lair:1   | Noticed a death yak
 10167 | Lair:1   | Noticed a death yak
 10167 | Lair:1   | Noticed a death yak
 10167 | Lair:1   | Noticed a death yak
 10182 | Lair:1   | Killed a death yak
 10199 | Lair:1   | Noticed a death yak
 10200 | Lair:1   | Killed a death yak
 10201 | Lair:1   | Noticed a death yak
 10209 | Lair:1   | Killed a death yak
 10215 | Lair:1   | Killed a death yak
 10220 | Lair:1   | Killed a death yak
 10221 | Lair:1   | Reached skill level 10 in Shields
 10226 | Lair:1   | Killed a death yak
 10696 | Lair:1   | Reached XP level 13. HP: 83/118 MP: 12/12
 10996 | Lair:2   | Reached ****** piety under Trog
 11053 | Lair:2   | Found a staircase to the Shoals.
 11355 | Lair:2   | Found a staircase to the Snake Pit.
 12157 | Lair:3   | Identified the +12 battleaxe of Lauklol {flame, rPois rF-
                  | Str+3 SInv} (Trog gifted it to you on level 3 of the Lair
                  | of Beasts)
 12157 | Lair:3   | Received a gift from Trog
 12196 | Lair:3   | Noticed a fire dragon
 12205 | Lair:3   | Killed a fire dragon
 12454 | Lair:3   | Acquired the +1 pair of boots of the Ten Gazing Tales
                  | {Str+4 Dex+3}
 12771 | Lair:4   | Found a dark tunnel.
 12847 | Volcano  | Entered a volcano
 12977 | Volcano  | Reached skill level 15 in Shields
 13013 | Volcano  | Reached XP level 14. HP: 126/126 MP: 13/13
 13348 | Lair:4   | Found a viscous altar of Jiyva.
 13348 | Lair:4   | Found a staircase to the Slime Pits.
 13661 | Orc:1    | Entered Level 1 of the Orcish Mines
 13675 | Orc:1    | Found Hiusotig's Book Shop.
 13945 | Orc:2    | Entered Level 2 of the Orcish Mines
 14371 | Orc:2    | Found a staircase to the Elven Halls.
 14575 | Orc:2    | Found Murun's General Store.
 14577 | Orc:2    | Found Avva Mis's General Store.
 14617 | Orc:2    | Received a gift from Trog
 14699 | Orc:2    | Bought a scroll of enchant weapon for 105 gold pieces
 14737 | Orc:2    | Bought a potion of resistance for 140 gold pieces
 14737 | Orc:2    | Bought the ring "Syrgh" {rElec rN++ AC+4 Stlth+} for 886
                  | gold pieces
 14934 | Orc:2    | Found Kioss's Book Shoppe.
 14934 | Orc:2    | Found Ziecimot's Antique Armour Emporium.
 14934 | Orc:2    | Found a one-way gate leading to the halls of Pandemonium.
 14962 | Orc:2    | Bought a runed scale mail for 224 gold pieces
 14962 | Orc:2    | Bought a glowing helmet for 240 gold pieces
 14962 | Orc:2    | Bought a runed tower shield for 240 gold pieces
 15619 | D:12     | Noticed Sonja
 15627 | D:12     | Killed Sonja
 15654 | D:12     | Killed Jorgrun
 16080 | D:13     | Found a gate to the Vaults.
 16879 | D:14     | Reached XP level 15. HP: 136/136 MP: 14/14
 16932 | D:14     | Identified the +9 broad axe of Discord {flame, Fragile rN++
                  | Str+2} (Trog gifted it to you on level 14 of the Dungeon)
 16932 | D:14     | Received a gift from Trog
 16949 | D:14     | Identified the +4 trident "Mymmuofe" {heavy, Int+4}
 17299 | D:15     | Entered Level 15 of the Dungeon
 17821 | D:15     | Found a staircase to the Depths.
 18400 | Snake:1  | Entered Level 1 of the Snake Pit
 18497 | Snake:1  | Found Aniudd's Weapon Emporium.
 18545 | Snake:1  | Reached skill level 15 in Fighting
 18592 | Snake:1  | Found a shimmering altar of Xom.
 18882 | Snake:1  | Reached skill level 15 in Armour
 19256 | Snake:2  | Found Omelem's Book Boutique.
 19269 | Snake:2  | Found Loyjurcho's Magic Scroll Shop.
 19350 | Snake:2  | Received a gift from Trog
 19662 | Snake:3  | Found a glowing silver altar of Zin.
 19980 | Snake:3  | Reached XP level 16. HP: 152/152 MP: 15/15
 20101 | Snake:3  | Found a transporter.
 20101 | Snake:3  | Found a transporter.
 20838 | Snake:3  | Identified the +4 spear of Ragnarok {heavy, Str+5} (Trog
                  | gifted it to you on level 3 of the Snake Pit)
 20838 | Snake:3  | Received a gift from Trog
 20959 | Snake:3  | Found a transporter.
 20973 | Snake:3  | Found a transporter.
 21035 | Snake:3  | Found a transporter.
 21227 | Snake:3  | Found Naywkoec's Jewellery Emporium.
 21228 | Snake:3  | Found Xuakh's Book Boutique.
 21228 | Snake:3  | Found Jipnigg's Book Boutique.
 21234 | Snake:3  | Bought a manual of Fighting for 1440 gold pieces
 21640 | Snake:4  | Entered Level 4 of the Snake Pit
 21703 | Snake:4  | Reached skill level 5 in Dodging
 22175 | Snake:4  | Received a gift from Trog
 22371 | Snake:4  | Got a serpentine rune of Zot
 22670 | Shoals:1 | Entered Level 1 of the Shoals
 22734 | Shoals:1 | Found a transporter.
 22742 | Shoals:1 | Found a transporter.
 22769 | Shoals:1 | Found a runed translucent door.
 22785 | Shoals:1 | Found a corrupted altar of Lugonu.
 22948 | Shoals:1 | Reached XP level 17. HP: 160/173 MP: 16/16
 23312 | Shoals:2 | Identified the +3 executioner's axe of Melee {flame, rElec
                  | rF- rN+} (Trog gifted it to you on level 2 of the Shoals)
 23312 | Shoals:2 | Received a gift from Trog
 23379 | Shoals:3 | Reached skill level 10 in Dodging
 23437 | Shoals:4 | Entered Level 4 of the Shoals
 23735 | Shoals:4 | Identified the ring "Fuipeog" {Drain rElec Str+6 Int+6
                  | Dex+3}
 24036 | Shoals:4 | Found the brooch of Shielding {Spirit SH+8}
 24219 | Shoals:4 | Got a barnacled rune of Zot
 24798 | Elf:1    | Entered Level 1 of the Elven Halls
 24800 | Elf:1    | You are sucked into a shaft and drop 1 floor!
 24844 | Elf:2    | Received a gift from Trog
 25290 | Elf:2    | Found a runed translucent gate.
 25290 | Elf:2    | Found a runed translucent gate.
 25323 | Elf:2    | Found a runed translucent gate.
 25555 | Elf:2    | Noticed Gemnupib's ghost (adept DEFE)
 25565 | Elf:2    | Found a runed translucent door.
 25577 | Elf:2    | Found Tauzumm's Weapon Shop.
 25633 | Elf:2    | Received a gift from Trog
 25637 | Elf:2    | Reached XP level 18. HP: 180/190 MP: 17/17
 25785 | Elf:3    | Entered Level 3 of the Elven Halls
 25902 | Elf:3    | Noticed Mara
 26045 | Elf:3    | Noticed Xavier147's illusion
 26092 | Elf:3    | Noticed Xavier147's illusion
 26099 | Elf:3    | Killed Mara
 26734 | Elf:3    | Found the +2 shield of Resistance {rF++ rC++ Will++}
 26740 | Elf:3    | Identified the staff "Fibesea" {rPois rF+ Poison}
 26864 | Elf:3    | Identified the +0 bardiche of Hus Megh {freeze, rN+ Stlth+}
 26951 | Elf:3    | Identified the +6 scimitar of the Unkillable {heavy, rPois
                  | Str+3}
 26958 | Elf:3    | Identified the +6 mace of Destruction {protect, Will+}
 27092 | Elf:3    | Acquired 1247 gold pieces
 27115 | Elf:3    | Identified the staff "Caisk" {*Slow rElec MP+9 Earth}
 27134 | Elf:3    | Identified the +5 mace "Hacoll" {pain, rPois rCorr Int-4
                  | Stlth+}
 27175 | Elf:3    | Identified the +5 trident "Tucsuz" {venom, Str+2 Int+2
                  | Dex+2}
 27374 | Elf:2    | Received a gift from Trog
 27755 | Elf:2    | Killed Gemnupib's ghost
 27852 | Elf:1    | Identified the -2 tower shield "Xasunuryig" {Str+3}
 27852 | Elf:1    | Noticed Louise
 27868 | Elf:1    | Killed Louise
 28047 | Elf:1    | Noticed Roxanne
 28983 | Elf:1    | Received a gift from Trog
 29287 | Snake:3  | Bought a manual of Dodging for 1440 gold pieces
 29572 | Vaults:1 | Entered Level 1 of the Vaults
 29690 | Vaults:1 | Reached skill level 1 in Stealth
 29871 | Vaults:1 | Reached XP level 19. HP: 178/200 MP: 15/18
 30190 | Vaults:1 | Noticed Asterion
 30205 | Vaults:1 | Killed Asterion
 30256 | Vaults:1 | Noticed Donald
 30271 | Vaults:1 | Killed Donald
 30368 | Vaults:1 | Reached skill level 15 in Dodging
 30488 | Vaults:1 | Received a gift from Trog
 30645 | Vaults:1 | Reached skill level 5 in Stealth
 31473 | Vaults:2 | Found a staircase to the Crypt.
 31571 | Vaults:2 | Received a gift from Trog
 31965 | Vaults:2 | Identified the +0 leather armour of Inquiry {rPois Str+6
                  | Int-2}
 32167 | Vaults:2 | Reached XP level 20. HP: 207/207 MP: 19/19
 32552 | Vaults:3 | Received a gift from Trog
 33089 | Vaults:3 | You fall into a shaft and drop 1 floor!
 33125 | Vaults:3 | Reached skill level 10 in Stealth
 33218 | Vaults:3 | Received a gift from Trog
 33875 | Vaults:3 | Identified the +2 robe of Iwkio {Harm Rampage +Blink
                  | Regen+}
 34822 | Vaults:3 | Identified the amulet "Kiaggebb" {Spirit *Corrode rPois
                  | Int+3}
 35545 | Vaults:4 | Received a gift from Trog
 36540 | Depths:1 | Entered Level 1 of the Depths
 36553 | Depths:1 | Noticed Norris
 36575 | Depths:1 | Killed Norris
 36580 | Depths:1 | Reached XP level 21. HP: 166/215 MP: 15/20
 36715 | Depths:1 | Found a glowing golden altar of the Shining One.
 36799 | Depths:1 | Received a gift from Trog
 36948 | Depths:1 | Reached skill level 27 in Axes
 37029 | Depths:1 | Found a flickering gateway to a bazaar.
 37044 | Bazaar   | Entered a bazaar
 37057 | Bazaar   | Found Tabodocw's Magic Scroll Shoppe.
 37109 | Bazaar   | Found Leplodgh's Jewellery Shoppe.
 37162 | Bazaar   | Found Ciedunuy's Assorted Antiques.
 37205 | Bazaar   | Found Wuelaic's Assorted Antiques.
 37213 | Bazaar   | Bought a potion of heal wounds for 70 gold pieces
 37213 | Bazaar   | Bought a runed battleaxe for 133 gold pieces
 37570 | Bazaar   | Bought a potion of resistance for 140 gold pieces
 37601 | Bazaar   | Bought a scroll of enchant weapon for 90 gold pieces
 37601 | Bazaar   | Bought a scroll of summoning for 114 gold pieces
 37983 | Depths:1 | Found a gateway to Hell.
 38182 | Depths:2 | Noticed a caustic shrike
 38192 | Depths:2 | Killed a caustic shrike
 38267 | Depths:2 | Received a gift from Trog
 39121 | Depths:2 | Found the necklace of Bloodlust {Fury *Rage Will++ Int-3
                  | Slay+6}
 39326 | Depths:2 | Noticed a golden dragon
 39337 | Depths:2 | Killed a golden dragon
 39337 | Depths:2 | Received a gift from Trog
 39338 | Depths:2 | Reached XP level 22. HP: 208/224 MP: 19/21
 39570 | Depths:2 | Found a one-way gateway to a ziggurat.
 40816 | Depths:3 | Received a gift from Trog
 41439 | Depths:3 | Found a runed translucent door.
 41472 | Depths:3 | Found a one-way gate to the infinite horrors of the Abyss.
 41693 | Depths:4 | Entered Level 4 of the Depths
 41898 | Depths:4 | Received a gift from Trog
 42235 | Depths:4 | Found a sacrificial altar of Ru.
 42308 | Depths:4 | Noticed a golden dragon
 42324 | Depths:4 | Killed a golden dragon
 42745 | Depths:4 | Found an iron altar of Okawaru.
 42809 | Depths:4 | Reached XP level 23. HP: 181/232 MP: 17/22
 42999 | Depths:4 | Found a broken altar of Ashenzari.
 43063 | Depths:4 | Noticed a juggernaut
 43079 | Depths:4 | Killed a juggernaut
 43111 | Depths:4 | Received a gift from Trog
 43367 | Depths:4 | Found a gate to the Realm of Zot.
 43538 | Depths:4 | Found a hazy altar of Hepliaklqana.
 44510 | Vaults:5 | Entered Level 5 of the Vaults
 44882 | Vaults:5 | Received a gift from Trog
 44908 | Vaults:5 | Identified the ring of Muxkid {rC+++ MP+9 Str-5 Int+2
                  | Dex-5}
 45246 | Vaults:5 | Reached XP level 24. HP: 90/239 MP: 7/22
 45390 | Vaults:5 | Identified the ring of Paranoia {rN+ Will+ Dex+3}
 45599 | Vaults:5 | Noticed a dread lich
 45613 | Vaults:5 | Killed a dread lich
 45632 | Vaults:5 | Acquired a manual of Stealth
 45862 | Vaults:5 | Found the +0 mask of the Dragon {Will+ Slay+3 SInv}
 45866 | Vaults:5 | Identified the ring "Weusumm" {rC+ SInv Stlth+}
 45903 | Vaults:5 | Got a silver rune of Zot
 46352 | Vaults:5 | Noticed an ancient lich
 46362 | Vaults:5 | Killed an ancient lich
 46411 | Vaults:5 | Acquired a manual of Dodging
 46567 | Vaults:5 | Identified the ring of Hedonism {Fire +Blink Slay+2}
 46584 | Vaults:5 | Received a gift from Trog
 46630 | Vaults:5 | Noticed an ancient lich
 46642 | Vaults:5 | Killed an ancient lich
 46671 | Vaults:5 | Reached XP level 25. HP: 249/249 MP: 22/22
 46796 | Vaults:5 | Identified the staff "Ywnyofop" {*Corrode rElec rC- Str+5
                  | Conj}
 48426 | Zot:1    | Entered Level 1 of the Realm of Zot
 48788 | Zot:1    | Identified the -1 pair of boots of the Griffon {rElec}
 49094 | Zot:1    | Received a gift from Trog
 49660 | Zot:2    | Noticed an orb of fire
 49679 | Zot:2    | Noticed an orb of fire
 49687 | Zot:2    | Noticed an ancient lich
 49905 | Zot:2    | Found a radiant altar of Vehumet.
 49907 | Zot:2    | Found a transporter.
 49983 | Zot:2    | Found Fewkaomu's CLEARANCE SALE!.
 50442 | Zot:2    | Noticed an ancient lich
 50458 | Zot:2    | You fall into a shaft and drop 2 floors!
 50814 | Zot:3    | Noticed an orb of fire
 50824 | Zot:3    | Killed an orb of fire
 51403 | Zot:2    | Gained mutation: You possess an exceptional clarity of
                  | mind. [an orb of fire]
 51409 | Zot:2    | Killed an orb of fire
 51422 | Zot:2    | Killed an orb of fire
 51435 | Zot:2    | Received a gift from Trog
 51441 | Zot:2    | Killed an ancient lich
 51480 | Zot:2    | Killed an ancient lich
 51765 | Zot:2    | Found a transporter.
 51766 | Zot:2    | Identified the +0 chain mail "Reusugi" {Will+ rCorr}
 52244 | Zot:4    | Found a huge runed gate.
 52244 | Zot:4    | Found a huge runed gate.
 52244 | Zot:4    | Found a huge runed gate.
 52244 | Zot:4    | Found a huge runed gate.
 52244 | Zot:4    | Found a huge runed gate.
 52244 | Zot:4    | Found a huge runed gate.
 52244 | Zot:4    | Found a huge runed gate.
 52244 | Zot:4    | Found a huge runed gate.
 52244 | Zot:4    | Found a huge runed gate.
 52244 | Zot:4    | Found a huge runed gate.
 52251 | Zot:4    | Found a huge runed gate.
 52251 | Zot:4    | Found a huge runed gate.
 52251 | Zot:4    | Found a huge runed gate.
 52251 | Zot:4    | Found a huge runed gate.
 52251 | Zot:4    | Found a huge runed gate.
 52432 | Zot:4    | Found a huge runed gate.
 52432 | Zot:4    | Found a huge runed gate.
 52433 | Zot:4    | Found a huge runed gate.
 52435 | Zot:4    | Found a huge runed gate.
 52435 | Zot:4    | Found a huge runed gate.
 52436 | Zot:4    | Found a huge runed gate.
 52437 | Zot:4    | Found a huge runed gate.
 52440 | Zot:4    | Found a huge runed gate.
 52441 | Zot:4    | Found a huge runed gate.
 52460 | Zot:4    | Found a huge runed gate.
 52460 | Zot:4    | Found a huge runed gate.
 52460 | Zot:4    | Found a huge runed gate.
 52460 | Zot:4    | Found a huge runed gate.
 52460 | Zot:4    | Found a huge runed gate.
 52460 | Zot:4    | Found a huge runed gate.
 52461 | Zot:4    | Found a huge runed gate.
 52462 | Zot:4    | Found a huge runed gate.
 52463 | Zot:4    | Found a huge runed gate.
 52471 | Zot:4    | Found a huge runed gate.
 52471 | Zot:4    | Found a huge runed gate.
 52471 | Zot:4    | Found a huge runed gate.
 52529 | Zot:4    | Noticed an orb of fire
 52529 | Zot:4    | Gained mutation: You occasionally lose the ability to drink
                  | potions when taking damage. [an orb of fire]
 52530 | Zot:4    | Gained mutation: You are frail. (-10% HP) [an orb of fire]
 52539 | Zot:4    | Gained mutation: You occasionally lose the ability to read
                  | scrolls when taking damage. [an orb of fire]
 52540 | Zot:4    | Killed an orb of fire
 52892 | Zot:4    | Reached XP level 26. HP: 214/235 MP: 22/22
 53329 | Zot:5    | Entered Level 5 of the Realm of Zot
 53465 | Zot:5    | Noticed an orb of fire
 53469 | Zot:5    | Noticed an orb of fire
 53475 | Zot:5    | Noticed an orb of fire
 53490 | Zot:5    | Noticed an orb of fire
 53491 | Zot:5    | Killed an orb of fire
 53491 | Zot:5    | Noticed an orb of fire
 53493 | Zot:5    | Noticed an orb of fire
 53496 | Zot:5    | Noticed an orb of fire
 53497 | Zot:5    | Noticed an orb of fire
 53498 | Zot:5    | Noticed an orb of fire
 53499 | Zot:5    | Noticed a dread lich
 53706 | Zot:4    | Gained mutation: Armour fits poorly on your strangely
                  | shaped body. [an orb of fire]
 53708 | Zot:4    | Gained mutation: You are dopey. (Int -2) [an orb of fire]
 53713 | Zot:4    | Killed an orb of fire
 53716 | Zot:4    | Killed an orb of fire
 53802 | Zot:4    | Gained mutation: You occasionally shout uncontrollably at
                  | your foes. [an orb of fire]
 53805 | Zot:4    | Killed an orb of fire
 53805 | Zot:4    | Gained mutation: You are very dopey. (Int -4) [an orb of
                  | fire]
 53806 | Zot:4    | Killed an orb of fire
 53913 | Zot:4    | Gained mutation: Your magical capacity is low. (-10% MP)
                  | [an orb of fire]
 53916 | Zot:4    | Killed a dread lich
 53917 | Zot:4    | Reached skill level 27 in Fighting
 53922 | Zot:4    | Killed an orb of fire
 54110 | Zot:5    | Lost mutation: You are frail. (-10% HP) [an orb of fire]
 54114 | Zot:5    | Gained mutation: Your body sometimes deteriorates upon
                  | taking damage. [an orb of fire]
 54118 | Zot:4    | Lost mutation: You possess an exceptional clarity of mind.
                  | [an orb of fire]
 54119 | Zot:4    | Gained mutation: Potions are less effective at restoring
                  | your health. [an orb of fire]
 54122 | Zot:4    | Received a gift from Trog
 54127 | Zot:4    | Gained mutation: You are weak. (Str -2) [an orb of fire]
 54129 | Zot:4    | Gained mutation: You are occasionally teleported next to
                  | monsters. [an orb of fire]
 54131 | Zot:4    | Killed an orb of fire
 54139 | Zot:4    | Killed an orb of fire
 54288 | Zot:5    | Gained mutation: You are frail. (-10% HP) [an orb of fire]
 54290 | Zot:5    | Killed an orb of fire
 54560 | Zot:5    | Reached skill level 27 in Shields
 55158 | Zot:5    | Got the Orb of Zot
 55933 | D:13     | Noticed a seraph
 56135 | D:4      | Reached XP level 27. HP: 151/245 MP: 11/19
 56223 | D:3      | Received a gift from Trog
 56301 | D:1      | Noticed Vabaeni the pandemonium lord
 56301 | D:1      | Noticed an ancient lich
 56302 | D:$      | Escaped with the Orb!

Illustrated notes

Levels and vault maps discovered:
D:1:      dpeg_arrival_pits, layout_basic
D:2:      layout_basic, hellmonk_ecumenical_altar_blasted
D:3:      layout_loops_ring, nicolae_qazlal_style_of_elements,
          mainiacjoe_overflow_24_doors, minmay_surrounded, uniq_ijyb,
          uniq_jessica
D:4:      layout_cave_pods, lemuel_crystal_altar
D:5:      lemuel_ratsnest, layout_basic, mainiacjoe_overflow_six_doors_small,
          minmay_temple_entry_sparse_star, uniq_eustachio, uniq_edmund,
          uniq_sigmund
D:6:      layout_loops_ring
D:7:      layout_cave_pods, serial_shops, shop, chequers_ossuary_entry_cave,
          enter_bailey_2, nrook_mini_vaults, nrook_uturn, nicolae_grassy_gnolls
D:8:      layout_cave_pools, serial_shops, shop, minmay_misc_feat_doors,
          minmay_evil_grid
D:9:      layout_rooms, grunt_temple_overflow_open, nicolae_ashenzari_skybound,
          mainiacjoe_overflow_alcove_2, lemuel_round_altar, erik_lair_dragon,
          david_orc_2
D:10:     layout_stronghold, mainiacjoe_overflow_chevrons, uniq_urug,
          uniq_amaemon, uniq_snorg
D:11:     layout_cave_pools, nicolae_trove_entry_path_of_doom,
          minmay_tree_intersection, fedhas_altar_3
D:12:     layout_irregular_city, nicolae_stop_n_shop_1, uniq_jorgrun, uniq_sonja
D:13:     layout_cave_pools, hellmonk_vaults_order_and_chaos
D:14:     layout_gridville, nicolae_two_hexagons
D:15:     hangedman_depths_entry_try_elsewhere_first, layout_small_grid,
          chequers_serial_rivers_small_b
Lair:1:   layout_regular_city
Lair:2:   layout_long_grid, minmay_shoals_entry_lonely_mermaid,
          nicolae_snake_entry_squirm, grunt_megastairs_4,
          infiniplex_staircase_pool
Lair:3:   dragon1_lemuel, layout_regular_city, lemuel_fruit_fields,
          infiniplex_staircase_pool_2
Lair:4:   layout_long_grid, slime_entry_1, nicolae_volcano_entry_vermiform,
          grunt_megastairs_2
Shoals:1: gammafunk_sealed_arena, layout_shoals,
          nicolae_shoals_abyss_on_the_beach
Shoals:2: layout_shoals, nicolae_shoals_nautilus_by_nature
Shoals:3: layout_shoals, nzn_prometheus_bound
Shoals:4: shoals_end_simple, layout_shoals
Snake:1:  layout_rooms, basic_altar, serial_shops, shop
Snake:2:  nicolae_snake_shooting_gallery, layout_layer_cave, minmay_shoptagon
Snake:3:  gammafunk_the_bubble [the_bubble_gammafunk_roulette], layout_chambers,
          basic_altar, grunt_ministairs_14, nicolae_snake_gridmaze_entwining,
          st_stairs_9, minmay_shop_grove
Snake:4:  grunt_snake_rune_pools, layout_cave_town
Orc:1:    layout_diamond_mine, serial_shops, nicolae_shop_statue_plus
Orc:2:    pf_orc_diabolical, layout_caves, nicolae_orc_tapped_out
Elf:1:    minmay_elf_arrival_circle, layout_onion_city,
          hangedman_corner_corridor, uniq_louise, uniq_roxanne
Elf:2:    nicolae_elf_blades_crystal_corner, layout_geoelf_grid, serial_shops,
          shop, hellmonk_ghost_happy_afterlife
Elf:3:    minmay_elf_hall_dome, layout_rooms, hangedman_elf_simple_split,
          uniq_mara
Vaults:1: vaults_room_fancy_cross, nicolae_vaults_closet_pinwheel_4,
          nicolae_vaults_closet_pinwheel_1, vaults_dpeg_hooks,
          vaults_room_semicircle, nicolae_vaults_trapezoid_1,
          hangedman_vaults_maws, layout_vaults_quadrants, uniq_donald,
          uniq_asterion
Vaults:2: nicolae_vaults_storage_closets_2, hangedman_vaults_capsules,
          nicolae_vaults_triangles, nicolae_vaults_tetromino_T_2,
          nicolae_vaults_closet_pinwheel_6, ontoclasm_vaults_eye, v_misc_17,
          v_misc_28, nicolae_vaults_circle_grid_a, nicolae_vaults_c_with_doors,
          vaults_room_ringed_pool, vaults_room_hallway,
          nicolae_vaults_apartment_1, nicolae_vaults_tetromino_L_1,
          nicolae_vaults_double_plus_1, layout_vaults_ring
Vaults:3: nicolae_vaults_network_quinsquares
          [nicolae_vaults_network_quincunx_subvault,
          nicolae_vaults_network_quincunx_subvault,
          nicolae_vaults_network_quincunx_subvault,
          nicolae_vaults_network_quincunx_subvault], hangedman_vaults_impose,
          nicolae_vaults_heist, hangedman_vaults_slither,
          nicolae_vaults_antechamber_and_loot_room,
          nicolae_vaults_storage_room_doors, v_misc_28,
          nicolae_vaults_trapezoid_layered, nicolae_vaults_yaktaur_gun_rack,
          v_misc_28, layout_vaults_maze_bifur
Vaults:4: nicolae_vaults_network_square, v_misc_22, vaults_room_boxed,
          vaults_room_semicircle, nicolae_vaults_asterisk, vaults_dpeg_ring,
          nicolae_vaults_surprise_closet_hard, nicolae_vaults_border_crossing,
          layout_vaults_omnibox
Vaults:5
Depths:1: layout_big_octagon, lightli_too_deep, serial_shops, bzr_entry_islet,
          tso_altar, kennysheep_generic_room_5, uniq_norris
Depths:2: minmay_the_grid_square_5x5_5x5 [minmay_the_grid_square_5x5_tie,
          minmay_the_grid_square_5x5_c, minmay_the_grid_square_5x5_three,
          minmay_the_grid_square_5x5_inner_v,
          minmay_the_grid_square_5x5_minivault,
          minmay_the_grid_square_5x5_checkered,
          minmay_the_grid_square_5x5_prize_snowflake,
          minmay_the_grid_square_5x5_comb,
          minmay_the_grid_square_5x5_prize_waves,
          minmay_the_grid_square_5x5_detours, minmay_the_grid_square_5x5_lines,
          minmay_the_grid_square_5x5_spiral_small,
          minmay_the_grid_square_5x5_prize_monsterx,
          minmay_the_grid_square_5x5_bracketed,
          minmay_the_grid_square_5x5_inverted_slash,
          minmay_the_grid_square_5x5_three_walls,
          minmay_the_grid_square_5x5_prize_junk,
          minmay_the_grid_square_5x5_inset,
          minmay_the_grid_square_5x5_prize_pseudospiral,
          minmay_the_grid_square_5x5_checkered_statues,
          minmay_the_grid_square_5x5_meh, minmay_the_grid_square_5x5_six_small,
          minmay_the_grid_square_5x5_moneybag, minmay_the_grid_square_5x5_eight,
          minmay_the_grid_square_5x5_seven], layout_small_grid,
          enter_ziggurat_d, hangedman_tar_grid_catacomb, rand_demon_pan_entry_9,
          grunt_decor_arrowhead, special_room [special_room_jelly],
          minmay_misc_feat_roman
Depths:3: hangedman_screamer, layout_cave_shapes, grunt_pan_entry_zigzag,
          abyss_entry, grunt_hell_entry_dis_grunt, serial_bayou_pond_e,
          grunt_ministairs_12, minmay_acid_items, minmay_staircase_bubble,
          serial_bayou_shore_a
Depths:4: grunt_profane_halls [grunt_profane_temple_tar,
          grunt_profane_temple_coc, grunt_profane_temple_geh,
          grunt_profane_temple_dis, grunt_zot_portal], hell_entry
Zot:1:    layout_twisted_circle
Zot:2:    gammafunk_sealed_library, layout_twisted_circle, st_stairs_7,
          nicolae_shop_clearance
Zot:3:    layout_cellular_growth
Zot:4:    layout_concentric_octagons, hangedman_zot_gyre,
          hangedman_zot_diagonal_lockstep, not_door_vault_due
Zot:5:    layout_basic

Skill      XL: |  1  2  3  4  5  6  7  8  9 10 11 12 13 14 15 16 17 18 19 20 21 22 23 24 25 26 |
---------------+-------------------------------------------------------------------------------+-----
Axes           | 4 5 6 8 9 11 14 16 17 18 20 23 24 26 27 | 27.0
Fighting       | 6 9 12 13 16 21 23 24 25 26 27 | 27.0
Armour         | 6 9 12 13 16 17 19 21 23 | 23.6
Shields        | 3 11 15 17 19 21 23 24 25 27 | 27.0
Dodging        | 8 12 13 18 20 23 26 | 26.4
Stealth        | 2 8 10 12 14 | 14.1

Action                     |  1- 3 |  4- 6 |  7- 9 | 10-12 | 13-15 | 16-18 | 19-21 | 22-24 | 25-27 || total
---------------------------+-------+-------+-------+-------+-------+-------+-------+-------+-------++-------
  Melee: Hand axe          |    87 |    23 |       |       |       |       |       |       |       ||   110
         Headbutt          |    10 |     7 |    29 |   100 |   251 |   278 |   446 |   391 |   391 ||  1903
         War axe           |       |    35 |   162 |   375 |   878 |  1081 |  1300 |  1034 |  1032 ||  5897
 Invoke: Berserk           |       |     1 |       |       |     2 |     3 |       |     3 |       ||     9
         Trog's Hand       |       |       |     2 |     1 |     2 |     3 |     1 |     6 |     2 ||    17
         Brothers in Arms  |       |       |     1 |       |     1 |     1 |       |     2 |     1 ||     6
  Evoke: Wand              |       |       |       |       |       |       |     1 |       |       ||     1
    Use: Scroll            |     3 |     8 |     2 |    13 |    11 |     6 |     1 |    14 |    13 ||    71
         Potion            |       |       |       |       |       |     1 |     1 |     9 |     7 ||    18
   Stab: Distracted        |       |       |       |       |     1 |       |     1 |     1 |     2 ||     5
         Sleeping          |       |       |       |       |       |       |     5 |       |       ||     5
         Invisible         |       |       |       |       |       |       |       |       |     1 ||     1
 Armour: Leather armour    |     8 |       |       |       |       |       |       |       |       ||     8
         Animal skin       |     1 |       |       |       |       |       |       |       |       ||     1
         Ring mail         |    39 |     1 |       |       |       |       |       |       |       ||    40
         Plate armour      |       |    42 |    91 |   225 |   129 |    45 |   210 |       |       ||   742
         Chain mail        |       |       |       |       |   319 |   355 |       |       |       ||   674
         Crystal plate arm |       |       |       |       |       |       |   100 |   432 |    11 ||   543
         Gold dragon scale |       |       |       |       |       |       |       |       |   391 ||   391
  Dodge: Dodged            |    53 |    18 |    25 |    86 |   197 |   207 |   354 |   325 |   328 ||  1593
  Block: Tower shield      |       |       |       |       |   367 |   717 |       |       |       ||  1084
         Kite shield       |       |       |       |       |       |    99 |   965 |   928 |   792 ||  2784

Table legend: (Time is in decaauts)
 A = Elapsed time spent in this place.
 B = Non-inter-level travel time spent in this place.
 C = Inter-level travel time spent in this place.
 D = Time resting spent in this place.
 E = Time spent auto-exploring this place.
 F = Levels seen in this place.
 G = Mean time per level.
                   A        B        C        D        E       F      G
               +--------+--------+--------+--------+--------+-----+--------+
         Total |  53546 |  46363 |   7183 |   9117 |  25972 |  50 | 1070.9 |
       Dungeon |  14422 |  11635 |   2787 |   1119 |   8645 |  15 |  961.5 |
          Lair |   3911 |   3107 |    804 |    254 |   2305 |   4 |  977.8 |
        Shoals |   1583 |   1502 |     81 |    379 |    288 |   4 |  395.8 |
     Snake Pit |   3783 |   3214 |    569 |    253 |   2135 |   4 |  945.8 |
  Orcish Mines |   1718 |   1402 |    316 |    181 |    843 |   2 |  859.0 |
   Elven Halls |   4163 |   3808 |    355 |    533 |   2218 |   3 | 1387.7 |
        Vaults |   9236 |   7867 |   1369 |   1590 |   4191 |   5 | 1847.2 |
        Depths |   6644 |   5950 |    694 |   2173 |   1986 |   4 | 1661.0 |
           Zot |   6778 |   6572 |    206 |   2577 |   2539 |   5 | 1355.6 |
        Bazaar |    615 |    615 |      0 |      0 |    459 |   1 |  615.0 |
       Ossuary |     98 |     98 |      0 |      0 |     60 |   1 |   98.0 |
        Bailey |    329 |    329 |      0 |     23 |    154 |   1 |  329.0 |
       Volcano |    261 |    261 |      0 |     34 |    147 |   1 |  261.0 |
               +--------+--------+--------+--------+--------+-----+--------+

Top non-repeatable levels by time:
   Zot:4: 2654 daAuts
Depths:4: 2058 daAuts
Vaults:4: 2053 daAuts
Vaults:5: 2051 daAuts
Vaults:2: 1920 daAuts
Depths:2: 1886 daAuts
Vaults:3: 1740 daAuts
   Zot:2: 1618 daAuts
   Elf:2: 1543 daAuts
Vaults:1: 1470 daAuts
   Elf:3: 1434 daAuts
 Snake:3: 1409 daAuts
     D:9: 1388 daAuts
Depths:1: 1370 daAuts
    D:10: 1365 daAuts
